 Dungeon Crawl Stone Soup version 0.17.1-3-g152610e (webtiles) character file.

50089 juanjsm the Unseen (level 14, 0/65 HPs)
             Began as a Spriggan Enchanter on Apr 21, 2016.
             Was an Elder of Ashenzari.
             Killed by angry trees
             ... awakened by a young spriggan druid
              (12 damage)
             ... on level 8 of the Lair of Beasts on Apr 22, 2016.
             The game lasted 02:08:31 (17638 turns).

juanjsm the Unseen (Spriggan Enchanter)            Turns: 17638, Time: 02:08:31

Health: 0/65       AC:  9    Str:  4    XL:     14   Next: 18%
Magic:  3/32       EV: 32    Int: 27    God:    Ashenzari [****..]
Gold:   1041       SH:  6    Dex: 16    Spells: 13 memorised, 5 levels left

rFire  . . .     SeeInvis +     o - +3 dagger (protect) (curse)
rCold  . . .     Clarity  +     b - +1 robe (curse)
rNeg   . . .     SustAt   .     C - +0 buckler (curse)
rPois  .         Gourm    .     S - +1 hat (curse)
rElec  .         Spirit   .     (no cloak)
rCorr  .         Warding  .     (gloves unavailable)
rMut   +         Stasis   .     (boots unavailable)
MR     ++...                    P - amulet of resist mutation
Stlth  +++++++++.               v - +5 ring of intelligence (curse)
                                l - +3 ring of evasion (curse)

@: about to teleport, repel missiles, very quick, very resistant to hostile
enchantments, incredibly stealthy
A: unfitting armour, see invisible, herbivore 3, speed 3, slow metabolism 2
a: Scrying, Renounce Religion


You were on level 8 of the Lair of Beasts.
You worshipped Ashenzari.
Ashenzari was greatly pleased with you.
You were not hungry.

You visited 3 branches of the dungeon, and saw 20 of its levels.

You collected 1041 gold pieces.

Inventory:

Hand Weapons
 o - a cursed +3 dagger of protection (weapon)
 L - a +2 dagger of venom
Armour
 b - a cursed +1 robe (worn)
 C - a cursed +0 buckler (worn)
 S - a cursed +1 hat (worn)
Jewellery
 c - an uncursed ring of positive energy
 k - an uncursed ring of sustain attributes
 l - a cursed +3 ring of evasion (left hand)
 v - a cursed +5 ring of intelligence (right hand)
 P - an amulet of resist mutation (around neck)
Wands
 x - a wand of paralysis (24)
 D - a wand of disintegration (12)
 V - a wand of enslavement (6)
 X - a wand of fireball (7)
Scrolls
 a - 2 scrolls of silence
 f - 3 scrolls of teleportation
 p - 6 scrolls of curse armour
 s - a scroll of remove curse
 u - 4 scrolls of immolation
 y - 2 scrolls of recharging
 A - a scroll of enchant armour {unknown}
 B - a scroll of identify
 E - a scroll of acquirement {unknown}
 F - 2 scrolls of blinking {unknown}
 G - a scroll of fear {unknown}
 J - a scroll of summoning {unknown}
 M - a scroll of magic mapping {unknown}
 Q - a scroll of brand weapon {unknown}
 W - a scroll of vulnerability {unknown}
 Y - a scroll of fog
Potions
 e - 2 potions of brilliance
 g - 5 potions of might
 h - a potion of cure mutation
 i - a potion of resistance
 j - 7 potions of heal wounds
 m - a potion of invisibility
 q - 7 potions of curing
 r - 3 potions of agility
 t - a potion of beneficial mutation {unknown}
 w - 2 potions of lignification
 I - a potion of haste
 K - a potion of cancellation
 O - 2 potions of magic
Books
 z - an Akashic Record

   Spells                             Type                      Level
   a - Dispersal                      Translocation                6
   b - Malign Gateway                 Summoning/Translocation      7
   c - Disjunction                    Translocation                8
   d - Controlled Blink               Translocation                8
Comestibles
 d - 7 bread rations
 n - 10 fruits
 H - 4 royal jellies


   Skills:
 * Level 3.6 Fighting
 + Level 9.2(12.5) Short Blades
 * Level 13.1(15.1) Dodging
 + Level 19.6(21.2) Stealth
 * Level 0.8(2.0) Shields
 * Level 13.2 Spellcasting
 + Level 0.9(2.2) Conjurations
 + Level 10.1(12.2) Hexes
 + Level 5.0(7.2) Ice Magic
 + Level 8.9(11.1) Evocations


You had 5 spell levels left.
You knew the following spells:

 Your Spells              Type           Power        Failure   Level  Hunger
a - Corona                Hex            ######.      1%          1    None
b - Ensorcelled Hibernat  Hex/Ice        ######       1%          2    None
c - Confuse               Hex            ######..     1%          3    None
d - Dazzling Spray        Conj/Hex       ######..     1%          3    None
e - Tukima's Dance        Hex            ######..     1%          3    None
f - Invisibility          Hex            ######..     4%          6    ####...
g - Apportation           Tloc           ###.......   4%          1    None
h - Summon Butterflies    Summ           ###.....     4%          1    None
i - Repel Missiles        Chrm/Air       ###...       8%          2    None
j - Blink                 Tloc           N/A          8%          2    None
k - Ozocubu's Armour      Chrm/Ice       #####...     2%          3    None
l - Throw Icicle          Conj/Ice       #####...     8%          4    None
m - Mephitic Cloud        Conj/Pois/Air  ###.....     12%         3    None


Dungeon Overview and Level Annotations

Branches:
Dungeon (11/15)            Temple (1/1) D:4            Lair (8/8) D:10
  Swamp (0/4) Lair:6       Spider (0/4) Lair:4        Slime (0/6) Lair:7
    Orc (0/4) D:10

Altars:
Ashenzari
Cheibriados
Dithmenos
Elyvilon
Fedhas
Gozag
Kikubaaqudgha
Makhleb
Nemelex Xobeh
Okawaru
Qazlal
Ru
Sif Muna
Trog
Vehumet
Xom
Yredelemnul
Zin
The Shining One

Annotations:
D:4 Natasha


Innate Abilities, Weirdness & Mutations

You are tiny and cannot use many weapons and most armour.
You have supernaturally acute eyesight.
You are a herbivore.
You cover ground extremely quickly.
You need consume almost no food.


Message History

Confirm with . or Enter, or press ? or * to list all spells.
Aiming: Confuse
Press: ? - help, Shift-Dir - straight line, f/p - water moccasin
Aim: a water moccasin (chance to defeat MR: 80%)
The water moccasin appears confused.
The trees move their gnarly branches around.
You are hit by a branch!
A tree reaches out and hits you!
* * * LOW HITPOINT WARNING * * *
The polar bear barely misses the young spriggan druid.
The polar bear completely misses the young spriggan druid.
The polar bear barely misses the young spriggan druid.
The young spriggan druid calls out to the beasts of the wild!
The teleport trap disappears.
The water moccasin disappears!
Read which item? (? for menu, Esc to quit)
As you read the scroll of teleportation, it crumbles to dust.
You feel strangely unstable. Branches wave dangerously above you.
A tree reaches out and hits you!
You die...

♣){...♣ ♣♣♣♣♣..♣♣♣♣
♣.....♣ ♣♣♣♣..h♣♣♣♣
*♣ih..♣ ♣♣♣♣♣..♣♣♣♣
♣{h♣* ,.h♣♣♣♣ ♣♣i♣ ,
..♣♣♣♣ ♣ii♣
*♣i♣♣♣.♣♣♣♣ ♣h♣♣
♣♣..♣♣♣.♣♣♣♣ ♣♣.♣
♣.S♣♣♣♣..♣♣♣ ♣§@♣
♣♣.♣♣♣♣♣♣..PP ♣.♣♣
♣...♣♣♣♣♣...P ♣.♣♣
♣...♣♣♣♣♣..P.
♣♣..♣♣♣♣...♣♣♣♣♣♣♣♣.
♣♣♣.♣♣♣..♣♣.♣♣♣♣♣♣{.
♣♣♣{♣.{.♣♣♣..♣♣♣♣♣♣.
♣♣♣.....♣♣♣..♣♣♣♣♣..
♣♣♣♣....♣♣♣♣.[♣♣♣♣♣.
♣♣♣♣...♣♣♣♣♣♣.♣♣♣♣♣♣


You could see 2 polar bears, a young spriggan druid, 2 spriggans and a wolf.

Vanquished Creatures
  7 hydras
  A catoblepas (Lair:7)
  An unseen horror (D:10)
  2 oklob plants (Lair:7)
  15 elephants
  A griffon (Lair:7)
  A black mamba (Lair:1)
  A centaur zombie (D:10)
  15 spiny frogs
  8 komodo dragons
  5 fire drakes
  3 trolls
  The ghost of juanjsm the Covert, a novice SpEn of Ashenzari (D:6)
  7 polar bears
  27 blink frogs
  2 wyverns (Lair:5)
  5 spriggans (Lair:8)
  A redback (Lair:8)
  40 yaks
  7 hippogriffs
  A basilisk (Lair:1)
  20 wolves (Lair:8)
  5 swamp worms (Lair:6)
  11 water moccasins
  4 orc warriors
  2 sky beasts
  8 porcupines
  8 spiders (Lair:4)
  7 black bears
  3 ice beasts
  8 ogres
  9 crocodiles
  A wasp (Lair:8)
  A big kobold (D:8)
  5 centaurs
  2 wyvern zombies
  21 giant frogs
  A gnoll sergeant (D:7)
  7 scorpions
  An electric eel (Lair:6)
  9 killer bees
  10 wights (D:7)
  4 crimson imps
  A quasit (D:9)
  2 hounds
  2 jellies
  6 orc wizards
  2 centaur skeletons
  6 orc priests
  4 hell rats (Lair:3)
  10 iguanas
  3 giant frog skeletons
  4 worker ants
  6 sheep (Lair:7)
  3 hound skeletons
  A hound zombie (D:6)
  7 gnolls
  2 worker ant zombies
  11 adders
  41 river rats
  2 shadow imps
  2 oozes
  3 adder skeletons
  An adder zombie (D:7)
  A worm (D:3)
  3 giant geckos
  40 orcs
  6 giant cockroaches
  3 hobgoblins
  12 jackals
  6 quokkas
  A ball python (D:8)
  A ball python skeleton (D:5)
  6 bats
  A giant gecko skeleton (D:7)
  13 giant newts
  6 goblins
  A jackal skeleton (D:7)
  9 kobolds
  9 rats
535 creatures vanquished.

Vanquished Creatures (others)
  A river rat (Lair:4)
  3 fungi
  3 plants
7 creatures vanquished.

Grand Total: 542 creatures vanquished

Notes
Turn   | Place    | Note
--------------------------------------------------------------
     0 | D:1      | juanjsm the Spriggan Enchanter began the quest for the Orb.
     0 | D:1      | Reached XP level 1. HP: 9/9 MP: 5/5
   127 | D:1      | Reached XP level 2. HP: 10/13 MP: 3/6
   131 | D:1      | Learned a level 2 spell: Ensorcelled Hibernation
   493 | D:2      | Reached skill level 5 in Stealth
   493 | D:2      | Reached XP level 3. HP: 16/16 MP: 5/8
   498 | D:2      | Learned a level 3 spell: Confuse
   924 | D:2      | Found a glowing golden altar of the Shining One.
  1287 | D:3      | Reached XP level 4. HP: 14/21 MP: 2/10
  1296 | D:3      | Learned a level 3 spell: Dazzling Spray
  1485 | D:3      | Found a stormy altar of Qazlal.
  1538 | D:3      | Noticed a phantom
  1721 | D:3      | Reached skill level 6 in Stealth
  2068 | D:5      | Entered Level 5 of the Dungeon
  2185 | D:4      | Reached XP level 5. HP: 20/25 MP: 0/11
  2208 | D:4      | Noticed Natasha
  2685 | D:4      | Reached skill level 5 in Hexes
  2695 | D:4      | Reached skill level 1 in Fighting
  2695 | D:4      | Reached XP level 6. HP: 30/30 MP: 3/13
  2747 | D:4      | Found a staircase to the Ecumenical Temple.
  2753 | Temple   | Entered the Ecumenical Temple
  2864 | Temple   | Became a worshipper of Ashenzari the Shackled
  2934 | D:4      | Noticed a centaur
  2941 | D:4      | Killed a centaur
  2941 | D:4      | Reached skill level 7 in Stealth
  2943 | D:4      | Noticed an ogre
  3258 | D:4      | Noticed a scorpion
  3264 | D:4      | Killed a scorpion
  3264 | D:4      | Reached skill level 1 in Ice Magic
  3292 | D:4      | Killed an ogre
  3292 | D:4      | Reached skill level 5 in Spellcasting
  3292 | D:4      | Reached XP level 7. HP: 33/33 MP: 8/15
  3336 | D:4      | Noticed an ogre
  3340 | D:4      | Killed an ogre
  3340 | D:4      | Reached skill level 8 in Stealth
  3470 | D:5      | Found a burning altar of Makhleb.
  3473 | D:5      | Noticed a blizzard demon
  3476 | D:5      | Found a glowing silver altar of Zin.
  3477 | D:5      | Noticed an angel
  3555 | D:5      | Noticed a water moccasin
  3559 | D:5      | Killed a water moccasin
  3573 | D:5      | Noticed a centaur
  3580 | D:5      | Killed a centaur
  3580 | D:5      | Reached skill level 9 in Stealth
  3629 | D:5      | Reached skill level 5 in Dodging
  3682 | D:5      | Reached XP level 8. HP: 37/37 MP: 17/17
  3750 | D:5      | Noticed a centaur
  3756 | D:5      | Killed a centaur
  3756 | D:5      | Reached skill level 10 in Stealth
  3832 | D:5      | Noticed a sky beast
  3839 | D:5      | Killed a sky beast
  3861 | D:5      | Reached skill level 11 in Stealth
  3891 | D:4      | Reached * piety under Ashenzari
  3950 | D:5      | Found a sacrificial altar of Ru.
  3951 | D:5      | Found a shimmering altar of Xom.
  4187 | D:5      | Learned a level 3 spell: Tukima's Dance
  4259 | D:6      | Noticed juanjsm's ghost (novice SpEn)
  4268 | D:6      | Killed juanjsm's ghost
  4380 | D:6      | Reached skill level 12 in Stealth
  4757 | D:6      | Reached XP level 9. HP: 41/41 MP: 7/20
  5518 | D:7      | Reached skill level 13 in Stealth
  6393 | D:8      | Reached XP level 10. HP: 37/46 MP: 9/22
  6505 | D:8      | Reached skill level 5 in Short Blades
  6658 | D:9      | Reached skill level 14 in Stealth
  6677 | D:10     | Entered Level 10 of the Dungeon
  6801 | D:10     | Found a staircase to the Orcish Mines.
  7339 | D:9      | Found a deep blue altar of Sif Muna.
  7451 | D:10     | Reached ** piety under Ashenzari
  7491 | D:10     | Found a staircase to the Lair.
  7678 | D:10     | Reached skill level 15 in Stealth
  8204 | D:10     | Noticed an unseen horror
  8305 | D:10     | Killed an unseen horror
  8460 | D:10     | Reached XP level 11. HP: 50/50 MP: 19/24
  8529 | Lair:1   | Entered Level 1 of the Lair of Beasts
  8529 | Lair:1   | Identified the cursed +1 leather armour of Amelioration {rF+ Regen+ MP+9 Slay+3}
  8985 | Lair:1   | Reached skill level 16 in Stealth
  9056 | Lair:1   | Learned a level 6 spell: Invisibility
  9058 | Lair:1   | Learned a level 1 spell: Apportation
  9060 | Lair:1   | Learned a level 1 spell: Summon Butterflies
  9234 | Lair:1   | Reached skill level 1 in Evocations
  9255 | Lair:1   | Reached *** piety under Ashenzari
  9486 | Lair:2   | Reached skill level 10 in Dodging
  9964 | Lair:2   | Identified the Grimoire of Torrid Confrontation
  9979 | Lair:2   | Identified the +11 scale mail of Temperance {Stlth+}
 10000 | Lair:2   | Reached skill level 10 in Spellcasting
 10373 | Lair:4   | Noticed a five-headed hydra
 11043 | Lair:3   | Reached XP level 12. HP: 41/54 MP: 17/27
 11288 | Lair:2   | Noticed a four-headed hydra
 11293 | Lair:2   | Killed a four-headed hydra
 11366 | Lair:5   | Noticed a five-headed hydra
 11369 | Lair:5   | Killed a five-headed hydra
 11401 | Lair:4   | Reached skill level 17 in Stealth
 11523 | Lair:4   | Reached **** piety under Ashenzari
 11629 | Lair:4   | Reached skill level 5 in Evocations
 12096 | Lair:4   | Found a hole to the Spider Nest.
 12130 | Lair:4   | Killed a five-headed hydra
 12797 | Lair:5   | Learned a level 2 spell: Repel Missiles
 12800 | Lair:5   | Learned a level 2 spell: Blink
 13717 | Lair:7   | Reached skill level 18 in Stealth
 13726 | Lair:7   | Reached XP level 13. HP: 59/59 MP: 23/30
 13730 | Lair:8   | Entered Level 8 of the Lair of Beasts
 13799 | Lair:7   | Noticed a catoblepas
 13807 | Lair:7   | Killed a catoblepas
 13860 | Lair:7   | Identified the cursed +0 leather armour "Inotuit" {MR++ Str-3}
 14118 | Lair:6   | Found a staircase to the Swamp.
 15344 | Lair:7   | Found a staircase to the Slime Pits.
 15360 | Lair:7   | Reached skill level 19 in Stealth
 15693 | Lair:2   | Learned a level 3 spell: Ozocubu's Armour
 15698 | Lair:2   | Learned a level 4 spell: Throw Icicle
 15704 | Lair:2   | Learned a level 3 spell: Mephitic Cloud
 15713 | Lair:2   | Identified the +8 long sword "Unusolur" {antimagic, rF+ MR- Dex+3} (You found it on level 4 of the Lair of Beasts)
 16281 | Lair:8   | Reached ***** piety under Ashenzari
 16873 | Lair:8   | Reached XP level 14. HP: 65/65 MP: 11/32
 16925 | Lair:8   | Reached skill level 5 in Ice Magic
 16966 | Lair:8   | Reached skill level 10 in Hexes
 17638 | Lair:8   | Killed from afar by a young spriggan druid

Action                   |  1- 3 |  4- 6 |  7- 9 | 10-12 | 13-15 || total
-------------------------+-------+-------+-------+-------+-------++-------
Melee: Dagger            |    40 |    29 |   237 |   352 |   309 ||   967
       Short sword       |     8 |   131 |       |       |       ||   139
 Cast: Corona            |     6 |     2 |       |       |       ||     8
       Ensorcelled Hiber |    10 |    36 |    43 |   157 |    83 ||   329
       Confuse           |       |    10 |    41 |    29 |    25 ||   105
       Dazzling Spray    |       |     1 |     6 |    11 |     9 ||    27
       Invisibility      |       |       |       |     2 |     7 ||     9
       Ozocubu's Armour  |       |       |       |       |     1 ||     1
       Repel Missiles    |       |       |       |       |     1 ||     1
Invok: Scrying           |       |       |       |       |     5 ||     5
  Use: Scroll            |       |     1 |    17 |    13 |     4 ||    35
 Stab: Sleeping          |    24 |    37 |    68 |   144 |    89 ||   362
       Invisible         |       |     1 |     1 |    21 |    50 ||    73
       Confused          |       |     6 |    25 |    17 |    10 ||    58
       Distracted        |       |       |     5 |     1 |     1 ||     7
  Eat: Pizza             |       |     1 |       |     3 |     1 ||     5
       Bread ration      |       |       |     1 |       |       ||     1
       Fruit             |       |       |       |    10 |       ||    10
